 Dungeon Crawl Stone Soup version 0.30.1-11-g7821555f0a (webtiles) character file.

Game seed: 14179768401741739528

2492 Fortress the Reanimator (level 9, 0/69 HPs)
             Began as a Demonspawn Necromancer on Jan 11, 2024.
             Was a Follower of Makhleb.
             Slain by a gnoll
             ... wielding a +0 halberd
             ... led by a gnoll sergeant
              (7 damage)
             ... on level 7 of the Dungeon.
             The game lasted 00:36:08 (5965 turns).

Fortress the Reanimator (Demonspawn Necromancer)    Turns: 5965, Time: 00:36:09

Health: 0/69       AC:  9    Str:  9    XL:     9   Next: 27%
Magic:  2/20       EV: 12    Int: 20    God:    Makhleb [*.....]
Gold:   325        SH:  0    Dex: 14    Spells: 19/23 levels left

rFire   . . .        h - +5 hand axe
rCold   . . .        (no shield)
rNeg    . . .        a - +0 robe
rPois   .            (no helmet)
rElec   .            (no cloak)
rCorr   .            u - +0 pair of gloves
SInv    .            (no boots)
Will    .....        (no amulet)
Stlth   ++           d - +4 ring of slaying
HPRegen 0.31/turn    e - +4 ring of protection
MPRegen 0.17/turn

%: clarity
@: no status effects
A: hooves 1, molten scales 1, powered by death 1, clarity
a: Renounce Religion


You were on level 7 of the Dungeon.
You worshipped Makhleb.
Makhleb was aware of your devotion.
You visited 2 branches of the dungeon, and saw 8 of its levels.
You also visited: Ossuary.

You collected 325 gold pieces.

Inventory:

Hand Weapons
 h - a +5 hand axe (weapon)
Missiles
 m - 30 poisoned darts
Armour
 a - a +0 robe (worn)
 u - a +0 pair of gloves (worn)
Jewellery
 d - a +4 ring of slaying (left hand)
 e - a +4 ring of protection (right hand)
 l - a +6 ring of intelligence
 o - a ring of resist corrosion
 y - a +4 ring of protection
Wands
 v - a wand of paralysis (6)
 A - a wand of flame (21)
Scrolls
 i - 4 scrolls of fog
 k - a scroll of identify
 n - 2 scrolls of fear
 p - 2 scrolls of butterflies
 s - a scroll of enchant weapon
 t - a scroll of poison
 w - 3 scrolls of enchant armour {unknown}
 x - 2 scrolls of teleportation {unknown}
 z - a scroll of blinking
 B - a scroll of brand weapon {unknown}
Potions
 b - a potion of magic
 f - 3 potions of heal wounds
 g - 5 potions of ambrosia
 j - a potion of resistance
 q - 4 potions of mutation
 r - 4 potions of curing


   Skills:
 * Level 5.9 Fighting
 - Level 2.0 Dodging
 - Level 2.0 Stealth
 + Level 7.5 Spellcasting
 + Level 9.4 Necromancy


You had 19 spell levels left.
You knew the following spells:

 Your Spells              Type           Power      Damage    Failure   Level
a - Necrotise             Necr           100%       1d9       1%          1
b - Vampiric Draining     Necr           45%        2d9       1%          3

Your spell library contained the following spells:

 Spells                   Type           Power      Damage    Failure   Level
 Animate Dead             Necr           45%        N/A       1%          4
 Cigotuvi's Dreadful Rot  Necr/Pois/Air  40%        N/A       3%          2
 Agony                    Necr           45%        N/A       5%          5
 Poisonous Vapours        Pois/Air       14%        N/A       14%         2
 Static Discharge         Conj/Air       14%        2-3/arc   14%         2
 Dazzling Flash           Conj/Hex       14%        N/A       26%         3
 Gell's Gravitas          Tloc           7%         N/A       26%         3
 Ignite Poison            Fire/Tmut/Pois 7%         N/A       26%         3
 Inner Flame              Hex/Fire       7%         N/A       26%         3
 Mephitic Cloud           Conj/Pois/Air  7%         N/A       26%         3
 Teleport Other           Tloc           7%         N/A       26%         3
 Volatile Blastmotes      Fire/Tloc      14%        2d11      26%         3
 Airstrike                Air            3%         2d(1-17)  65%         4
 Flame Wave               Conj/Fire      7%         2d5       65%         4
 Iskenderun's Mystic Bla  Conj/Tloc      7%         2d4       65%         4
 Sticky Flame             Conj/Fire      7%         2d3       65%         4
 Summon Lightning Spire   Summ/Air       7%         N/A       65%         4
 Freezing Cloud           Conj/Ice/Air   3%         6-21      94%         5
 Dispersal                Tloc           3%         N/A       100%        6
 Starburst                Conj/Fire      3%         6d3       100%        6


Dungeon Overview and Level Annotations

Branches:
Dungeon (7/15)             Temple (1/1) D:5         Ossuary (visited)

Altars:
Ashenzari
Cheibriados
Gozag
Hepliaklqana
Kikubaaqudgha
Makhleb
Nemelex Xobeh
Qazlal
Ru
Sif Muna
Trog
Uskayaw
Wu Jian
Xom
Yredelemnul


Innate Abilities, Weirdness & Mutations

You have large cloven feet.
You are partially covered in molten scales. (AC +2)
You regenerate a little health from kills.
You possess an exceptional clarity of mind.


Message History

The gnoll hits you from afar with a +0 halberd.
Casting: Necrotise (safe; 1% risk of failure)
Confirm with . or Enter, or press ? or * to list all spells.
Aiming: Necrotise (safe; 1% risk of failure)
Press: ? - help, Shift-Dir - straight line, f - gnoll sergeant
Aim: a gnoll sergeant, wielding a +0 spear, wearing a +0 ring mail and wearing a +0 kite shield (chance to affect: 83%)
The gnoll sergeant writhes in agony!
The gnoll completely misses you. The gnoll sergeant blocks your attack.
You kick the gnoll sergeant, but do no damage.
The gnoll sergeant is moderately wounded.
You hit the gnoll. The gnoll sergeant closely misses you.
The gnoll hits you but does no damage. The gnoll barely misses you.
Casting: Necrotise (safe; 1% risk of failure)
Confirm with . or Enter, or press ? or * to list all spells.
Aiming: Necrotise (safe; 1% risk of failure)
Press: ? - help, Shift-Dir - straight line, f/p - gnoll sergeant
Aim: a gnoll sergeant, wielding a +0 spear, wearing a +0 ring mail and wearing a +0 kite shield (moderately wounded, chance to affect: 83%)
The gnoll sergeant writhes in agony.
The gnoll sergeant hits you with a +0 spear.
The gnoll completely misses you. The gnoll hits you but does no damage.
You slash the gnoll sergeant! The gnoll sergeant blocks your attack.
The gnoll sergeant is severely wounded.
You hit the gnoll.
The gnoll sergeant hits you with a +0 spear!
A gnoll comes into view. It is wielding a +0 spear.
The gnoll closely misses you.
A gnoll comes into view. It is wielding a +0 whip.
The gnoll hits you from afar with a +0 halberd!
The gnoll sergeant attacks as you move away!
The gnoll sergeant hits you with a +0 spear!
* * * LOW HITPOINT WARNING * * *
The gnoll sergeant hits you from afar with a +0 spear.
* * * LOW HITPOINT WARNING * * *
The gnoll closely misses you.
You open the door.
The gnoll sergeant hits you from afar with a +0 spear!
* * * LOW HITPOINT WARNING * * *
The gnoll hits you but does no damage.
The gnoll hits you from afar with a +0 halberd!
You die...

#..........#.###†..###.
##...........##........
..........)<).......##.
........###)###)###+#
....g...#..#.......#
..g.....#..#.......#
8.....gggg.+###'###+
.....>..#g.# +...'.#
......gg#)@# #...#.#
.8#..##.g##'.#._.#.+##+
.) ..##. #.#.
#.#...#.#..###..
#.#..#..
.+...'.#..#.#.. ....+
.+###+###'..+....
.....#
.#.......#..#....
.....##
#.......#..#.... ....
###+###'###.... .
#.#.......<..


You could see a gnoll sergeant and 5 gnolls.

Vanquished Creatures
  Prince Ribbit (D:7)
  A black bear (D:6)
  An ice beast (D:6)
  2 orc warriors (D:7)
  An ogre (D:5)
  2 phantoms (D:6)
  7 elf zombies (Ossuary)
  2 scorpions
  2 howler monkeys
  2 centaur zombies (Ossuary)
  3 human zombies (Ossuary)
  2 hounds
  3 jellies
  A sleepcap (D:4)
  6 iguanas
  2 orc wizards
  3 mummies (Ossuary)
  6 gnolls
  10 adders
  A white imp (D:6)
  An ufetubus (D:6)
  2 worms
  3 dart slugs
  8 orcs
  9 endoplasms
  3 giant cockroaches
  5 goblins
  6 hobgoblins
  2 jackals (D:4)
  6 quokkas
  5 ball pythons
  6 bats
  A frilled lizard (D:2)
  11 kobolds
  6 rats
132 creatures vanquished.

Vanquished Creatures (collateral kills)
  An ogre (D:5)
  A kobold brigand (D:6)
  An orc wizard (D:7)
  An adder (D:2)
  An ufetubus (D:5)
  A ball python (D:3)
  A quokka (D:1)
  A frilled lizard (D:2)
  A goblin (D:1)
  A kobold (D:6)
10 creatures vanquished.

Grand Total: 142 creatures vanquished

Notes
Turn   | Place    | Note
-------+----------+-------------------------------------------
     0 | D:1      | Fortress the Demonspawn Necromancer began the quest for the
                  | Orb.
     0 | D:1      | Reached XP level 1. HP: 13/13 MP: 3/3
   319 | D:1      | Gained mutation: You have large cloven feet. [demonic
                  | ancestry]
   319 | D:1      | Reached XP level 2. HP: 19/19 MP: 3/5
   954 | D:2      | Found a faded altar of an unknown god.
   986 | D:2      | Reached XP level 3. HP: 24/24 MP: 7/7
   994 | D:2      | Reached skill level 5 in Necromancy
  1333 | D:2      | Reached XP level 4. HP: 30/30 MP: 8/8
  1554 | D:2      | Learned a level 3 spell: Vampiric Draining
  1967 | D:3      | Reached XP level 5. HP: 36/36 MP: 5/10
  2519 | D:4      | Reached skill level 1 in Fighting
  2519 | D:4      | Reached skill level 6 in Necromancy
  2691 | D:4      | Gained mutation: You are partially covered in molten
                  | scales. (AC +2) [demonic ancestry]
  2691 | D:4      | Reached XP level 6. HP: 43/43 MP: 4/12
  3368 | D:5      | Entered Level 5 of the Dungeon
  3386 | D:5      | Gained mutation: You regenerate a little health from kills.
                  | [demonic ancestry]
  3386 | D:5      | Reached XP level 7. HP: 49/50 MP: 5/14
  3859 | D:5      | Reached skill level 5 in Spellcasting
  3859 | D:5      | Reached skill level 7 in Necromancy
  4019 | D:5      | Found a staircase to the Ecumenical Temple.
  4025 | Temple   | Entered the Ecumenical Temple
  4269 | Temple   | Became a worshipper of Makhleb the Destroyer
  4397 | D:5      | Found an opulent altar of Gozag.
  4660 | D:6      | Found a sand-covered staircase.
  4665 | Ossuary  | Entered an ossuary
  4837 | Ossuary  | Reached XP level 8. HP: 50/58 MP: 16/16
  4847 | Ossuary  | Reached skill level 8 in Necromancy
  5162 | D:6      | Reached skill level 5 in Fighting
  5285 | D:6      | Reached * piety under Makhleb
  5630 | D:6      | Reached XP level 9. HP: 56/68 MP: 13/19
  5805 | D:7      | Gained mutation: You possess an exceptional clarity of
                  | mind. [potion of mutation]
  5823 | D:7      | Found an ancient bone altar of Kikubaaqudgha.
  5841 | D:7      | Noticed Prince Ribbit
  5859 | D:7      | Reached skill level 9 in Necromancy
  5876 | D:7      | Killed Prince Ribbit
  5965 | D:7      | Slain by a gnoll

Illustrated notes

Levels and vault maps discovered:
D:1:      dpeg_arrival_central, layout_basic
D:2:      layout_basic, shapermc_ecumenical_altar_mp_vishouse,
          minmay_octomino_c4
D:3:      cheibrodos_old_hovel, layout_loops_cross
D:4:      layout_basic
D:5:      layout_loops_ring, gammafunk_temple_overflow_elements, temple_green
D:6:      layout_rooms, enter_ossuary_2
D:7:      layout_cave_pools, mainiacjoe_overflow_24_doors, okawaru_humans,
          enter_bailey_6, uniq_prince_ribbit1
Temple:   nicolae_temple_bog_church

Skill      XL: |  1  2  3  4  5  6  7  8  9 |
---------------+----------------------------+-----
Necromancy     | 5 6 7 8 9 |  9.4
Stealth        | 2 |  2.0
Spellcasting   | 3 4 5 6 7 |  7.5
Dodging        | 2 |  2.0
Fighting       | 1 2 3 5 |  5.9

Action                     |  1- 3 |  4- 6 |  7- 9 || total
---------------------------+-------+-------+-------++-------
  Melee: Hand axe          |    27 |    41 |   171 ||   239
         Short sword       |     3 |       |       ||     3
         Kick              |     3 |    11 |    67 ||    81
         Punch             |       |     1 |     4 ||     5
   Cast: Necrotise         |    28 |    74 |    77 ||   179
         Vampiric Draining |       |     8 |    17 ||    25
    Use: Scroll            |       |     7 |     7 ||    14
         Potion            |       |       |     3 ||     3
   Stab: Sleeping          |     6 |     4 |       ||    10
 Armour: Robe              |     9 |    28 |    83 ||   120
  Dodge: Dodged            |    27 |    43 |   109 ||   179
